 Dungeon Crawl Stone Soup version 0.31-a0-983-g7b6862f502 (webtiles) character file.

Game seed: 10473892369900411007

4402 p00ps00p the Cleaver (level 10, 0/92 HPs)
             Began as a Hill Orc Fighter on Nov 3, 2023.
             Was an Initiate of Gozag.
             Slain by Erica
             ... wielding a +3 scimitar of flaming
              (4 damage)
             ... on level 8 of the Dungeon.
             The game lasted 00:15:07 (8713 turns).

p00ps00p the Cleaver (Hill Orc Fighter)             Turns: 8713, Time: 00:15:08

Health: 0/92       AC: 21    Str: 24    XL:     10   Next: 35%
Magic:  10/10      EV:  8    Int:  8    God:    Gozag
Gold:   550        SH:  0    Dex: 16    Spells: 9/9 levels left

rFire   . . .        a - +2 war axe
rCold   . . .        o - +1 kite shield
rNeg    . . .        y - +0 chain mail
rPois   .            m - +0 helmet
rElec   .            p - +2 cloak "Ummiweha" {Slay+2}
rCorr   .            (no gloves)
SInv    .            f - +0 pair of boots
Will    .....        B - amulet of reflection Stlth
                     k - +4 ring of protection
HPRegen 0.35/turn    c - +6 ring of dexterity
MPRegen 0.12/turn

%: reflection
@: confused, on berserk cooldown, slowed, very slow
A: no striking features
a: Renounce Religion, Potion Petition, Call Merchant, Bribe Branch


You were on level 8 of the Dungeon.
You worshipped Gozag.
Gozag was pleased with you.
You visited 2 branches of the dungeon, and saw 9 of its levels.

You collected 2088 gold pieces.
You spent 786 gold pieces at shops.
You paid 752 gold pieces to Gozag.

Inventory:

Hand Weapons
 a - a +2 war axe (weapon)
Missiles
 e - 26 poisoned darts (quivered)
 s - 4 silver javelins
Armour
 f - a +0 pair of boots (worn)
 m - a +0 helmet (worn)
 o - a +1 kite shield (worn)
 p - the +2 cloak "Ummiweha" (worn) {Slay+2}
   (You bought it in a shop on level 1 of the Dungeon)

   Slay+2:    It affects your accuracy & damage with ranged weapons and melee
   (+2).
 w - the +0 scale mail of Xagesiath {+Inv rN+}
   (You found it on level 7 of the Dungeon)

   rN+:       It protects you from negative energy.
   +Inv:      It lets you turn invisible.
 y - a +0 chain mail (worn)
Jewellery
 c - a +6 ring of dexterity (right hand)
 k - a +4 ring of protection (left hand)
 t - a ring of poison resistance
 u - a ring of protection from fire
 B - an amulet of reflection (around neck)
Wands
 r - a wand of digging (2)
Scrolls
 h - 2 scrolls of teleportation
 j - a scroll of blinking
 q - a scroll of identify
 x - 2 scrolls of vulnerability
Potions
 b - a potion of mutation
 d - a potion of might
 l - 5 potions of brilliance
 n - a potion of cancellation
 A - a potion of curing
Miscellaneous
 i - a lightning rod (4/4)


   Skills:
 + Level 9.6 Fighting
 + Level 10.0 Axes
 + Level 8.8 Armour
 + Level 8.8 Shields


You had 9 spell levels left.
You didn't know any spells.
Your spell library contained the following spells:

 Spells                   Type           Power      Damage    Failure   Level
 Slow                     Hex            0%         N/A       98%         1
 Confusing Touch          Hex            0%         N/A       100%        3
 Sigil of Binding         Hex            0%         N/A       100%        3
 Vampiric Draining        Necr           0%         2d6       100%        3


Dungeon Overview and Level Annotations

Branches:
Dungeon (8/15)             Temple (1/1) D:6
   Lair: D:8-11

Altars:
Ashenzari
Cheibriados
Dithmenos
Elyvilon
Fedhas
Gozag
Hepliaklqana
Kikubaaqudgha
Makhleb
Nemelex Xobeh
Ru
Trog
Uskayaw
Vehumet
Wu Jian
Yredelemnul
Zin
The Shining One

Shops:
D:1 :![?   D:5 =   D:6 !

Annotations:
D:6 2 transporters
D:8 Erica


Message History

The yak gores you!
* * * LOW HITPOINT WARNING * * *
You slash the yak!
The yak is almost dead.
You closely miss something. You slice the yak!!
You kill the yak!
The yak gores you.
* * * LOW HITPOINT WARNING * * *
You hear some strange, mumbled words.
You are more confused.
Your Axes skill increases to level 10!
You slice the yak!!
You kill the yak!
You closely miss the yak. You slash something!
The yak gores you but does no damage. Something hits you but does no damage.
You see here 17 gold pieces.
Unknown command.
You closely miss the yak.
The yak is almost dead.
You barely miss something.
You are no longer berserk.
You are exhausted.
You feel yourself slow down. The yak gores you but does no damage.
Something hits you.
* * * LOW HITPOINT WARNING * * *
Something burns you.
* * * LOW HITPOINT WARNING * * *
The yak gores you but does no damage. Something hits you but does no damage.
The yak gores you but does no damage.
You see here 15 gold pieces.
Something hits you.
* * * LOW HITPOINT WARNING * * *
Something burns you.
* * * LOW HITPOINT WARNING * * *
The yak gores you but does no damage. Something hits you!
* * * LOW HITPOINT WARNING * * *
Something burns you.
You die...
Your body crumbles into a pile of gold.

..............#.)......
..............#........
..............'........
............#........
............########.
###.....##### #.....#
#.$...# +.Y@..+ #.....#
#$....# ......$..###
.........# .........#
.........# .........#
.........#


You could see a yak.

Vanquished Creatures
  Grinder (D:4)
  2 raiju (D:7)
  5 yaks (D:8)
  Eustachio (D:4)
  A water moccasin (D:7)
  Duvessa (D:5)
  2 ice beasts
  2 sky beasts (D:7)
  An orc warrior (D:7)
  2 black bears
  4 ogres
  A centaur (D:7)
  A phantom (D:5)
  2 kobold brigands
  A gnoll sergeant (D:7)
  A bullfrog (D:7)
  A scorpion (D:5)
  12 wights (D:7)
  Dowan (D:5)
  A howler monkey (D:6)
  3 electric eels (D:7)
  A hound (D:6)
  7 orc priests
  2 orc wizards
  2 iguanas (D:6)
  4 gnolls (D:7)
  6 adders
  A white imp (D:7)
  A worm (D:4)
  A dart slug (D:2)
  25 orcs
  3 bats
  11 endoplasms
  2 giant cockroaches
  10 goblins
  9 hobgoblins
  2 jackals (D:4)
  3 quokkas
  4 ball pythons
  A frilled lizard (D:1)
  16 kobolds
  8 rats
165 creatures vanquished.

Notes
Turn   | Place    | Note
-------+----------+-------------------------------------------
     0 | D:1      | p00ps00p the Hill Orc Fighter began the quest for the Orb.
     0 | D:1      | Reached XP level 1. HP: 19/19 MP: 1/1
   145 | D:1      | Found Ojewoaguch's Book Shop.
   153 | D:1      | Reached skill level 3 in Axes
   153 | D:1      | Reached XP level 2. HP: 27/27 MP: 2/2
   189 | D:1      | Found Leotwofu's Distillery.
   282 | D:1      | Found a faded altar of an unknown god.
   294 | D:1      | Found Afasot's Armour Shop.
   426 | D:1      | Found Moxuk's Magic Scroll Emporium.
   960 | D:2      | Reached XP level 3. HP: 30/33 MP: 3/3
  1639 | D:3      | Found a broken altar of Ashenzari.
  1711 | D:3      | Found an opulent altar of Gozag.
  1735 | D:3      | Became a worshipper of Gozag Ym Sagoz the Greedy
  1800 | D:3      | Reached XP level 4. HP: 36/40 MP: 2/4
  2286 | D:3      | Identified a scroll of acquirement
  2286 | D:3      | Acquired 886 gold pieces
  2383 | D:1      | Bought a +0 helmet for 49 gold pieces
  2383 | D:1      | Bought a +0 kite shield for 49 gold pieces
  2383 | D:1      | Bought the +2 cloak "Ummiweha" {Slay+2} for 328 gold pieces
  3113 | D:4      | Noticed Grinder
  3118 | D:4      | Paralysed by Grinder for 4 turns
  3124 | D:4      | Paralysed by Grinder for 4 turns
  3132 | D:4      | Killed Grinder
  3133 | D:4      | Reached skill level 5 in Fighting
  3133 | D:4      | Reached skill level 4 in Axes
  3133 | D:4      | Reached XP level 5. HP: 20/48 MP: 5/5
  3133 | D:4      | Reached XP level 6. HP: 23/56 MP: 6/6
  3413 | D:4      | Reached skill level 5 in Axes
  3466 | D:4      | Noticed Eustachio
  3494 | D:4      | Killed Eustachio
  3495 | D:4      | Reached skill level 5 in Armour
  3495 | D:4      | Reached skill level 5 in Shields
  3495 | D:4      | Reached XP level 7. HP: 58/62 MP: 7/7
  4120 | D:5      | Entered Level 5 of the Dungeon
  4255 | D:5      | Noticed Duvessa
  4255 | D:5      | Noticed Dowan
  4265 | D:5      | Killed Duvessa
  4266 | D:5      | Reached skill level 6 in Axes
  4282 | D:5      | Killed Dowan
  4283 | D:5      | Reached XP level 8. HP: 61/71 MP: 8/8
  4994 | D:6      | Found a staircase to the Ecumenical Temple.
  5016 | D:6      | Reached skill level 7 in Axes
  5034 | Temple   | Entered the Ecumenical Temple
  5179 | D:6      | Found Pawag's Distillery.
  5414 | D:6      | Identified the +5 halberd "Imitenud" {freeze, rC+ rN+
                  | Int-4}
  5436 | D:6      | Found a transporter.
  5555 | D:6      | Found a transporter.
  5831 | D:7      | Reached XP level 9. HP: 41/80 MP: 9/9
  6061 | D:7      | Identified the +0 scale mail of Xagesiath {+Inv rN+}
  6119 | D:7      | Reached skill level 8 in Axes
  7400 | D:7      | Reached skill level 9 in Axes
  8061 | D:7      | Reached XP level 10. HP: 91/91 MP: 10/10
  8516 | D:5      | Bought an amulet of reflection for 360 gold pieces
  8685 | D:8      | Noticed Erica
  8709 | D:8      | Reached skill level 10 in Axes
  8713 | D:8      | HP: 4/92 [something (11)]
  8713 | D:8      | Slain by Erica

Illustrated notes

Levels and vault maps discovered:
D:1:      dpeg_arrival_central, layout_basic, serial_shops, shop,
          nicolae_shop_tiny_statue_garden,
          nicolae_shop_temple_entry_statues_fountains,
          nicolae_shop_tiny_statue_garden, ebering_ecumenical_altar_mist,
          nrook_mini_vaults, kennysheep_crisscross
D:2:      layout_basic, minmay_distorted
D:3:      layout_loops_corners, mainiacjoe_overflow_alcove_2,
          evilmike_ruin_ashenzari, serial_co_window_serial, co_window_paths_b,
          co_window_paths_b, co_window_corner_a, co_window_paths_b,
          co_window_paths_a, co_window_of_opportunity_a, co_window_paths_a,
          co_window_unsneaky_path_d, co_window_unsneaky_path_c,
          co_window_paths_c, glass_columns_b, glass_columns_a, glass_columns_a,
          glass_columns_a, glass_columns_a
D:4:      layout_loops_corners, kennysheep_generic_room_7, uniq_grinder,
          uniq_eustachio
D:5:      layout_basic, amcnicky_mini_rare_corridor_liquid, uniq_duvessa
D:6:      gammafunk_cloud_chamber, layout_basic, minmay_temple_entry_waves,
          serial_shops, shop
D:7:      hellmonk_destroyed_diamonds, layout_basic,
          nicolae_have_a_lightning_rod
D:8:      layout_gridville, uniq_erica
Temple:   nicolae_temple_x_marks_the_god

Skill      XL: |  1  2  3  4  5  6  7  8  9 10 |
---------------+-------------------------------+-----
Axes           | 3 4 5 6 7 9 10 | 10.0
Fighting       | 4 5 6 7 9 |  9.6
Armour         | 4 5 6 8 |  8.8
Shields        | 4 5 6 8 |  8.8

Action                     |  1- 3 |  4- 6 |  7- 9 | 10-12 || total
---------------------------+-------+-------+-------+-------++-------
  Melee: War axe           |   119 |    89 |   263 |    53 ||   524
  Throw: Dart              |     5 |     4 |       |       ||     9
 Invoke: Call Merchant     |       |       |     1 |       ||     1
    Use: Scroll            |     7 |     3 |     6 |       ||    16
         Potion            |       |       |     4 |     2 ||     6
   Stab: Distracted        |       |       |     1 |       ||     1
 Armour: Scale mail        |    84 |    78 |   175 |       ||   337
         Chain mail        |       |       |     5 |    70 ||    75
  Dodge: Dodged            |    53 |    48 |    66 |    13 ||   180
  Block: Buckler           |    27 |     8 |       |       ||    35
         Kite shield       |       |    11 |   140 |    35 ||   186

Table legend: (Time is in decaauts)
 A = Elapsed time spent in this place.
 B = Non-inter-level travel time spent in this place.
 C = Inter-level travel time spent in this place.
 D = Time resting spent in this place.
 E = Time spent auto-exploring this place.
 F = Levels seen in this place.
 G = Mean time per level.
                   A        B        C        D        E       F      G
               +--------+--------+--------+--------+--------+-----+--------+
         Total |   8861 |   8424 |    437 |   1610 |   5125 |   9 |  984.6 |
       Dungeon |   8859 |   8422 |    437 |   1610 |   5125 |   8 | 1107.4 |
        Temple |      1 |      1 |      0 |      0 |      0 |   1 |    1.0 |
               +--------+--------+--------+--------+--------+-----+--------+

Top non-repeatable levels by time:
     D:7: 2744 daAuts
     D:3: 1272 daAuts
     D:4: 1156 daAuts
     D:1: 937 daAuts
     D:5: 899 daAuts
     D:6: 887 daAuts
     D:2: 841 daAuts
     D:8: 118 daAuts
  Temple: 1 daAuts
